AoeStats
← GaTill3r0

Arena

507909988Analyzed
3v3 RM · 13d ago on Sep 20, 2026· 81m 22s· 6 players
Game mode
Random Map
Map size
Normal (6 player)
Population
200
Speed
Normal
Resources
Standard
Victory
Conquest
Starting age
Dark Age
Ending age
Imperial Age
RankedLock teamsTeams togetherTeam positionsShared explorationLock speedFull tech treeHidden civsTurbo modeCheats
Victory
Defeat
🇨🇳 Khitans · China
879
+16
🇵🇱 Huns · Poland
867
+16
🇮🇹 Teutons · Italy
854
+17
🇲🇽 Aztecs · Mexico
893
-17
🇲🇽 Maya · Mexico
871
-16
🇲🇽 Inca · Mexico
867
-16
Porter
10:23 Feudal Age
11:46 Wheelbarrow
11:00 Horse Collar
11:07 Double-Bit Axe
13:51 Wheelbarrow
14:21 Man-at-Arms
17:34 Bloodlines
17:45 Forging
22:04 Scale Mail Armor
22:10 Scale Barding Armor
22:04 Stone Mining
22:08 Gold Mining
23:31 Fletching
26:07 Castle Age
24:37 Arson
28:40 Bow Saw
30:29 Hand Cart
32:10 Stone Shaft Mining
32:35 Squires
32:52 Heavy Plow
33:59 Chain Barding Armor
38:04 Chain Mail Armor
38:24 Iron Casting
40:34 Imperial Age
44:56 Gambesons
45:40 Cavalier
46:48 Long Swordsman
47:51 Caravan
52:19 Crop Rotation
58:44 Capped Ram
63:10 Coinage
66:16 Elite Teutonic Knight
78:57 Two-Man Saw
szymi1990rbk
3:38 Loom
9:46 Feudal Age
11:03 Wheelbarrow
10:16 Double-Bit Axe
11:30 Town Watch
13:28 Horse Collar
19:13 Castle Age
17:28 Stone Mining
19:23 Gold Mining
23:14 Gold Shaft Mining
24:20 Hand Cart
25:08 Bow Saw
29:54 Man-at-Arms
39:29 Imperial Age
42:49 Long Swordsman
44:41 Two-Handed Swordsman
45:54 Forging
45:45 Scale Mail Armor
48:17 Iron Casting
47:58 Chain Mail Armor
53:51 Thumb Ring
53:21 Crossbowman
53:28 Crossbowman
张益达
5:46 Loom
12:02 Feudal Age
16:15 Castle Age
14:42 Double-Bit Axe
16:10 Stone Mining
20:46 Bow Saw
21:36 Domestication
24:16 Gold Mining
25:45 Wheelbarrow
24:59 Town Watch
28:31 Stone Shaft Mining
28:14 Forging
28:04 Scale Mail Armor
31:56 Imperial Age
29:47 Hand Cart
29:44 Pastoralism
29:53 Husbandry
31:35 Forging
31:25 Scale Mail Armor
31:15 Fletching
33:17 Conscription
33:07 Lamellar Armor
33:02 Light Cavalry
33:55 Town Patrol
35:06 Two-Man Saw
35:01 Iron Casting
34:42 Chain Mail Armor
34:33 Scale Barding Armor
35:53 Transhumance
35:13 Treadmill Crane
35:54 Ballistics
36:36 Chemistry
35:59 Ballistics
35:45 Siege Engineers
35:51 Masonry
40:54 Plate Mail Armor
41:17 Hussar
42:23 Chain Barding Armor
43:48 Ordo Cavalry
47:04 Plate Barding Armor
46:26 Elite Liao Dao
54:42 Bodkin Arrow
54:47 Padded Archer Armor
54:50 Squires
54:11 Pikeman
54:37 Arson
54:38 Gambesons
64:26 Man-at-Arms
65:12 Bracer
65:27 Leather Archer Armor
64:41 Elite Skirmisher
65:29 Thumb Ring
65:13 Long Swordsman
65:57 Two-Handed Swordsman
66:30 Elite Steppe Lancer
67:16 Elite Steppe Lancer
68:29 Champion
76:08 Capped Ram
GaTill3r0
12:01 Feudal Age
13:05 Double-Bit Axe
14:25 Loom
17:58 Castle Age
17:20 Gold Mining
18:54 Stone Mining
20:49 Stone Shaft Mining
19:59 Crossbowman
26:30 Eagle Warrior
42:04 Horse Collar
43:02 Heavy Plow
45:06 Padded Archer Armor
44:56 Fletching
49:21 Bodkin Arrow
49:42 Leather Archer Armor
54:04 Squires
53:25 Pikeman
54:17 Forging
54:08 Scale Mail Armor
57:48 Iron Casting
57:28 Chain Mail Armor
57:52 Town Watch
58:43 Wheelbarrow
61:18 Ballistics
61:58 Town Patrol
70:17 Imperial Age
68:03 Hand Cart
70:50 Man-at-Arms
72:57 Halberdier
74:39 Elite Plumed Archer
77:01 Ring Archer Armor
78:44 Bracer
XxxNoobKillerxxX
0:27 Loom
12:20 Feudal Age
14:43 Wheelbarrow
17:16 Castle Age
15:14 Horse Collar
15:28 Double-Bit Axe
15:53 Gold Mining
16:19 Stone Mining
18:24 Hand Cart
18:20 Town Watch
28:31 Town Patrol
29:39 Heavy Plow
29:53 Bow Saw
32:31 Imperial Age
30:49 Gold Shaft Mining
31:35 Scale Mail Armor
33:14 Arson
33:29 Squires
32:50 Pikeman
32:52 Champi Runner
33:46 Forging
33:51 Chain Mail Armor
33:26 Fletching
33:37 Padded Archer Armor
33:47 Champi Warrior
34:44 Elite Champi Warrior
42:15 Iron Casting
42:10 Plate Mail Armor
41:36 Bodkin Arrow
46:16 Halberdier
54:28 Blast Furnace
53:29 Bracer
61:41 Caravan
69:14 Leather Archer Armor
69:10 Thumb Ring
68:35 Elite Skirmisher
Riopal88
3:59 Loom
9:43 Feudal Age
10:38 Man-at-Arms
11:05 Arson
13:54 Forging
13:59 Town Watch
18:30 Stone Mining
18:55 Double-Bit Axe
20:19 Fletching
23:23 Castle Age
22:03 Padded Archer Armor
21:57 Horse Collar
23:47 Scale Mail Armor
23:41 Crossbowman
25:37 Wheelbarrow
26:22 Gold Mining
27:32 Pikeman
28:13 Squires
28:24 Heavy Plow
28:59 Bodkin Arrow
36:17 Imperial Age
35:35 Hand Cart
35:35 Bow Saw
36:35 Fortified Wall
36:48 Ballistics
38:56 Block Printing
40:09 Redemption
39:58 Arbalester
41:51 Stone Shaft Mining
42:37 Illumination
42:36 Sanctity
42:27 Fervor
42:20 Bracer
44:46 Leather Archer Armor
46:48 Crop Rotation
46:58 Iron Casting
46:58 Coinage
47:07 Theocracy
50:09 Chemistry
50:23 Conscription
59:05 Elite Skirmisher
63:46 Siege Engineers
66:20 Caravan
Connection lost

Rejoining the realm…

Still unreachable

The connection could not be restored.

Session expired

The server has moved on; the page needs a fresh start.